Unix NetHack Version 3.7.0-97 Work-in-progress - last build Feb 8 2024 15:05:57 (6d6cdf8371b60126770a3d7b88910941cb14a054,branch:master). Game began 2024-02-09 18:51:10, ended 2024-02-09 18:55:29. elenmirie, neutral female gnomish Archeologist ----------- |.......+.- ..........| |...f...... ########.......B..| ---------------- ## |.....@.... |..............| ###0 -------+--- |...<..........| # |...............## ---------------- Elenmirie the Field Worker St:12 Dx:10 Co:10 In:17 Wi:12 Ch:13 Neutral Dlvl:4 $:40 HP:0(19) Pw:15(15) AC:9 Xp:3/41 T:968 Latest messages: A gush of water hits you on the head! A gush of water hits Coco! You find a rust trap. A gush of water hits you! $ - 7 gold pieces (37 in total). You stop. The bat is in the way! You swap places with the peaceful bat. Coco bites the bat. The bat is killed! $ - 3 gold pieces (40 in total). You kill the brown mold! Welcome to experience level 3. There are several objects here. A trap door in the ceiling opens and a rock falls on your head! Your fedora does not protect you. There is a brown mold corpse here; eat it? [ynq] (n) y This brown mold corpse tastes okay. You finish eating the brown mold corpse. q - an ancient fruitcake. r - 2 food rations. s - 2 yellow gems. What do you want to rub? [gi or ?*] g What do you want to rub on the stone? [$s or ?*] s s - 2 worthless pieces of yellow glass. What do you want to drop? [$a-gikq-sw or ?*] s You drop 2 worthless pieces of yellow glass. You descend the stairs. You try to move the boulder, but in vain. The giant bat bites! Coco bites the giant bat. The giant bat misses Coco. Coco bites the giant bat. The giant bat misses Coco. The giant bat bites! The giant bat bites! You lash the giant bat. You swap places with Coco. Coco misses the giant bat. You find a hidden door. You miss the giant bat. Coco misses the giant bat. You stop. Coco is in the way! The giant bat bites! The giant bat bites! You die... Do you want your possessions identified? [ynq] (y) y Do you want to see your attributes? [ynq] (y) y Do you want an account of creatures vanquished? [ynaq] (y) y Do you want to see your conduct and achievements? [ynq] (y) y Do you want to see the dungeon overview? [ynq] (y) y Inventory: Coins $ - 40 gold pieces Weapons a - an uncursed +2 bullwhip (weapon in right hand) Armor c - an uncursed +0 fedora (being worn) b - an uncursed +0 leather jacket (being worn) Comestibles q - a cursed ancient fruitcake d - 4 uncursed food rations r - 2 cursed food rations Rings k - a cursed ring of aggravate monster Tools w - an uncursed sack containing 5 items i - an uncursed oil lamp e - an uncursed +0 pick-axe (alternate weapon; not wielded) f - an uncursed tinning kit (0:78) Gems/Stones g - an uncursed touchstone Contents of the sack: an uncursed scroll of magic mapping an uncursed spellbook of extra healing a blessed potion of confusion an uncursed potion of levitation a potion of unholy water Elenmirie the Archeologist's attributes: Background: You were a Field Worker, a level 3 female gnomish Archeologist. You were neutral, on a mission for Camaxtli who was opposed by Quetzalcoatl (lawful) and Huhetotl (chaotic). You were right-handed. You were in the Dungeons of Doom, on level 4. You entered the dungeon 968 turns ago. There was a new moon in effect when your adventure ended. You had 41 experience points, 39 more were needed to attain level 4. Basics: You had 0 out of 19 hit points. You had all 15 energy points (spell power). Your armor class was 9. Your wallet contained 40 zorkmids. Autopickup was on for '$' plus thrown. Final Characteristics: Your strength was 12 (limit:18/50). Your dexterity was 10 (limit:18). Your constitution was 10 (limit:18). Your intelligence was 17 (limit:19). Your wisdom was 12 (limit:18). Your charisma was 13 (limit:18). Final Status: You weren't hungry. You were unencumbered. You were wielding a whip. You had basic skill with whip. Final Attributes: You were fervently aligned. You had automatic searching. You had infravision. You are dead. Miscellaneous: You never encountered a bones level. Total elapsed playing time was 4 minutes and 19 seconds. Major events: Turn 1: elenmirie the neutral female gnomish Archeologist entered the dungeon 912: attained the rank of Field Worker (level 3) 968: killed by a giant bat Vanquished creatures: an acid blob a hobbit a giant rat a brown mold 2 yellow molds a gnome zombie 2 geckos 2 jackals a fox a goblin a grid bug a bat 5 lichens 20 creatures vanquished. No species were genocided or became extinct. Voluntary challenges: You were an atheist. You were illiterate. You never engraved Elbereth. You never genocided any monsters. You never polymorphed an object. You never changed form. You used no wishes. Achievement: You attained the rank of Field Worker. The Dungeons of Doom: levels 1 to 4 Level 1: Level 2: Level 3: Level 4: <- You were here. Final resting place for you, killed by a giant bat. Game over: ---------- / \ / REST \ / IN \ / PEACE \ / \ | elenmirie | | 40 Au | | killed by a | | giant bat | | | | | | 2024 | *| * * * | * _________)/\\_//(\/(/\)/\//\/|_)_______ Goodbye elenmirie the Archeologist... You died in The Dungeons of Doom on dungeon level 4 with 350 points, and 40 pieces of gold, after 968 moves. You were level 3 with a maximum of 19 hit points when you died.